 Dungeon Crawl Stone Soup version 0.21.1-1-g345015fe64 (webtiles) character file.

11010 Gargoyl the Cleaver (level 11, 0/91 HPs)
             Began as a Centaur Abyssal Knight on July 10, 2018.
             Was a Priest of Lugonu.
             Slain by an orc warrior
             ... wielding a +0 trident
              (8 damage)
             ... on level 12 of the Dungeon.
             The game lasted 00:27:48 (16139 turns).

Gargoyl the Cleaver (Centaur Abyssal Knight)       Turns: 16139, Time: 00:27:49

Health: 0/91       AC: 27    Str: 15 (17) XL:     11   Next: 43%
Magic:  17/17      EV:  3    Int:  9 (11) God:    Lugonu [***...]
Gold:   660        SH:  0    Dex:  7 (10) Spells: 10/10 levels left

rFire    . . .     SeeInvis .   a - +3 hand axe
rCold    + . .     Gourm    .   w - +0 shield
rNeg     . . .     Faith    .   e - +8 chain mail "Magax" {rPois}
rPois    +         Spirit   .   (no helmet)
rElec    .         Reflect  .   A - +0 cloak
rCorr    .         Harm     .   u - +2 pair of gloves
MR       +....                  (no barding)
Stlth    ..........             (no amulet)
HPRegen  0.25/turn              x - ring of flight
MPRegen  0.15/turn              F - +3 ring of protection

@: confused, very quick
A: large, hooves 3, yellow scales 1, blink, cold resistance 1, deformed body,
speed 2, magic resistance 1, tough skin 3
a: Blink, Depart the Abyss, Bend Space, Banish, Renounce Religion, Evoke Flight


You were on level 12 of the Dungeon.
You worshipped Lugonu.
Lugonu was most pleased with you.
You were not hungry.

You visited 1 branch of the dungeon, and saw 13 of its levels.
You visited the Abyss 1 time.
You also visited: Ossuary.

You collected 660 gold pieces.

Inventory:

Hand Weapons
 a - a +3 hand axe (weapon)
Missiles
 y - 2 tomahawks (quivered)
Armour
 e - the +8 chain mail "Magax" (worn) {rPois}
   (You found it on level 2 of the Abyss)

   It protects you from poison.
 u - a +2 pair of gloves (worn)
 w - a +0 shield (worn)
 A - a +0 cloak (worn)
Jewellery
 x - a ring of flight (left hand)
 F - a +3 ring of protection (right hand)
Wands
 z - a wand of enslavement (22)
 C - a wand of digging (12)
 D - a wand of scattershot (5)
Scrolls
 d - 2 scrolls of blinking
 h - 6 scrolls of remove curse
 i - 3 scrolls of fog
 n - 2 scrolls of identify
 o - 2 scrolls of teleportation
 B - 2 scrolls of amnesia
 E - a scroll of holy word
Potions
 f - 3 potions of flight
 j - 2 potions of haste
 k - 3 potions of mutation
 m - 2 potions of curing
Books
 b - a book of Maledictions

   Spells                             Type                      Level
   a - Corona                         Hexes                        1
   b - Ensorcelled Hibernation        Hexes/Ice                    2
   c - Confuse                        Hexes                        3
   d - Tukima's Dance                 Hexes                        3
   e - Dazzling Spray                 Conjuration/Hexes            3
 g - a book of Power

   Spells                             Type                      Level
   a - Iskenderun's Battlesphere      Conjuration/Charms           5
   b - Venom Bolt                     Conjuration/Poison           5
   c - Bolt of Magma                  Conjuration/Fire/Earth       5
   d - Iron Shot                      Conjuration/Earth            6
   e - Orb of Destruction             Conjuration                  7
   f - Spellforged Servitor           Conjuration/Summoning        7
 l - a book of Flames

   Spells                             Type                      Level
   a - Flame Tongue                   Conjuration/Fire             1
   b - Throw Flame                    Conjuration/Fire             2
   c - Conjure Flame                  Conjuration/Fire             3
   d - Inner Flame                    Hexes/Fire                   3
   e - Sticky Flame                   Conjuration/Fire             4
   f - Fireball                       Conjuration/Fire             5
Comestibles
 c - 16 rations
 p - 4 chunks of flesh


   Skills:
 + Level 6.9 Fighting
 + Level 9.1 Axes
 * Level 8.4 Armour
 + Level 2.4 Dodging
 + Level 2.6 Shields
 * Level 8.8 Invocations


You had 10 spell levels left.
You didn't know any spells.

Dungeon Overview and Level Annotations

Branches:
Dungeon (13/15)            Temple (0/1) D:7            Lair (0/6) D:11
    Orc (0/2) D:10
 Vaults: D:13-14

Altars:
Ashenzari
Dithmenos
Gozag
Hepliaklqana
Kikubaaqudgha
Makhleb
Qazlal
Ru
Uskayaw
Vehumet
Wu Jian
Yredelemnul
The Shining One
Jiyva

Shops:
D:11 [


Innate Abilities, Weirdness & Mutations

You have hooves in place of feet.
Armour fits poorly on your strangely shaped body.
You cover ground very quickly.
You have extremely tough skin. (AC +3)
You are partially covered in yellow scales. (AC +2)
You can translocate small distances at will.
Your flesh is cold resistant. (rC+)
You are resistant to hostile enchantments. (MR+)


Message History

You block the orc warrior's attack.
You are confused.
You feel invigorated. The wyvern bites you.
* * * LOW HITPOINT WARNING * * *
You bump into the rock wall.
The wyvern bites you but does no damage.
The wyvern bites you.
* * * LOW HITPOINT WARNING * * *
You closely miss the wyvern. Your kick misses the wyvern.
The wyvern is lightly wounded.
The orc warrior hits you from afar with a trident.
* * * LOW HITPOINT WARNING * * *
The wyvern bites you.
* * * LOW HITPOINT WARNING * * *
Your shield and chain mail "Magax" prevent you from hitting the wyvern.
The wyvern is lightly wounded.
The wyvern bites you!
* * * LOW HITPOINT WARNING * * *
The orc warrior hits you from afar with a trident!
You die...

....... .......
....... .......
.>....)###+######
.......'o>.......
......)#.%.......
..######.........
#..@loW........
#..######....##
#.. ....# #..
....# #.. ....#
#.. ...# #.. ..#
###


You could see an orc warrior, a wyvern and a shadow.

Vanquished Creatures
  Fannar (D:10)
  Pikel (D:8)
  Maurice (D:8)
  The ghost of Snarbu88 the Basher, a novice GrFi (D:6)
  Psyche (D:9)
  A hippogriff (D:10)
  Prince Ribbit (D:5)
  A wyvern (D:12)
  3 yaks (D:11)
  2 vampire mosquitoes (D:13)
  Menkaure (D:4)
  4 wargs
  Duvessa (D:7)
  2 water moccasins (D:10)
  2 sky beasts
  3 black bears
  An ogre (D:6)
  4 orc warriors
  6 phantoms
  A necrophage (D:5)
  6 centaurs
  2 big kobolds (D:11)
  2 elf zombies (Ossuary)
  4 bullfrogs
  2 scorpions
  2 troll zombies (D:10)
  Dowan (D:7)
  10 killer bees
  3 howler monkeys (D:8)
  An electric eel (D:10)
  5 crimson imps
  2 human zombies (Ossuary)
  5 hounds
  4 jellies
  4 orc priests
  16 orc wizards
  Terence (D:3)
  2 iguanas
  12 worker ants
  2 big kobold zombies (Ossuary)
  4 ogre zombies (D:10)
  2 hound skeletons
  2 mummies (Ossuary)
  A worker ant zombie (D:10)
  4 gnolls (D:8)
  9 adders
  3 shadow imps
  7 oozes
  An adder zombie (Ossuary)
  An adder skeleton (D:4)
  4 worms
  4 dart slugs
  2 leopard geckos
  35 orcs
  4 bat zombies (D:9)
  7 giant cockroaches
  3 goblins
  3 hobgoblins
  23 jackals
  4 quokkas
  10 bats
  7 frilled lizards
  3 goblin zombies (D:10)
  A hobgoblin skeleton (D:10)
  9 hobgoblin zombies (Ossuary)
  A jackal skeleton (D:7)
  2 jackal zombies (Ossuary)
  26 kobolds
  11 kobold zombies (Ossuary)
  A leopard gecko skeleton (D:5)
  3 leopard gecko zombies
  An orc skeleton (D:10)
  21 orc zombies
  10 rats
  A rat zombie (Ossuary)
354 creatures vanquished.

Vanquished Creatures (others)
  The ghost of Thargor the Fiendish, a journeyman DDFi of Makhleb (D:12)
  2 death yaks (D:11)
  A gargoyle (D:11)
  A troll (D:10)
  An orc warrior (D:7)
  A slave (D:8)
  3 orc wizards
  An adder (D:8)
  An adder zombie (D:8)
  An orc (D:8)
13 creatures vanquished.

Grand Total: 367 creatures vanquished

Notes
Turn   | Place    | Note
-------+----------+-------------------------------------------
     0 | Abyss:1  | Gargoyl the Centaur Abyssal Knight began the quest for the Orb.
     0 | Abyss:1  | Reached XP level 1. HP: 19/19 MP: 2/2
    28 | Abyss:2  | Noticed a quasit
    39 | Abyss:2  | Got a smelly chain mail
    61 | Abyss:3  | Identified the +8 chain mail "Magax" {rPois} (You found it on level 2 of the Abyss)
    62 | Abyss:3  | Found a corrupted altar of Lugonu.
    62 | Abyss:3  | Noticed a big kobold
    62 | Abyss:3  | Noticed a big kobold
    62 | Abyss:3  | Noticed a big kobold
    62 | Abyss:3  | Noticed a big kobold
    62 | Abyss:3  | Noticed a big kobold
    62 | Abyss:3  | Noticed a big kobold
    62 | Abyss:3  | Noticed a big kobold
    63 | D:1      | Escaped the Abyss
   141 | D:1      | Reached * piety under Lugonu
   292 | D:1      | Reached XP level 2. HP: 26/26 MP: 3/3
   865 | D:1      | Reached skill level 1 in Dodging
  1025 | D:1      | Reached skill level 2 in Axes
  1028 | D:1      | Reached XP level 3. HP: 31/31 MP: 4/4
  1139 | D:1      | Reached ** piety under Lugonu
  1502 | D:2      | Found a radiant altar of Vehumet.
  1810 | D:2      | Found a sacrificial altar of Ru.
  1950 | D:2      | Found an ornate altar of the Wu Jian Council.
  1966 | D:2      | Found a burning altar of Makhleb.
  1966 | D:2      | Found a basalt altar of Yredelemnul.
  2016 | D:2      | Found a shadowy altar of Dithmenos.
  2037 | D:2      | Reached XP level 4. HP: 37/39 MP: 5/5
  2822 | D:3      | Noticed Terence
  2829 | D:3      | Killed Terence
  2829 | D:3      | Reached skill level 3 in Axes
  2829 | D:3      | Reached XP level 5. HP: 42/46 MP: 7/7
  2952 | D:4      | Found a sand-covered staircase.
  2959 | Ossuary  | Entered an ossuary
  2971 | Ossuary  | Reached *** piety under Lugonu
  3121 | Ossuary  | Reached XP level 6. HP: 12/52 MP: 8/8
  3133 | Ossuary  | Reached **** piety under Lugonu
  3133 | Ossuary  | Reached skill level 4 in Axes
  3467 | D:4      | Reached XP level 7. HP: 47/59 MP: 9/9
  3700 | D:4      | Found an opulent altar of Gozag.
  3933 | D:4      | Noticed Menkaure
  4267 | D:4      | Killed Menkaure
  4267 | D:4      | Reached skill level 5 in Axes
  4398 | D:4      | Found a hazy altar of Hepliaklqana.
  4588 | D:5      | Entered Level 5 of the Dungeon
  4635 | D:5      | Noticed Prince Ribbit
  4652 | D:5      | Killed Prince Ribbit
  4652 | D:5      | Reached XP level 8. HP: 31/67 MP: 11/11
  5724 | D:6      | Reached ***** piety under Lugonu
  5829 | D:6      | Reached skill level 6 in Axes
  5829 | D:6      | Reached skill level 5 in Armour
  5829 | D:6      | Reached skill level 5 in Invocations
  5872 | D:6      | Found a stormy altar of Qazlal.
  6046 | D:6      | Reached skill level 5 in Fighting
  6283 | D:6      | Noticed Snarbu88's ghost (novice GrFi)
  6742 | D:6      | Killed Snarbu88's ghost
  6742 | D:6      | Reached XP level 9. HP: 50/74 MP: 11/13
  8083 | D:7      | Found a stormy altar of Qazlal.
  8155 | D:7      | Found a stormy altar of Qazlal.
  8162 | D:7      | Found a staircase to the Ecumenical Temple.
  8320 | D:7      | Noticed Dowan
  8365 | D:7      | Killed Dowan
  8376 | D:7      | Noticed Duvessa
  8417 | D:7      | Killed Duvessa
  8533 | D:7      | Reached skill level 7 in Axes
  9063 | D:8      | Noticed Pikel
  9092 | D:8      | Killed Pikel
  9286 | D:8      | Reached XP level 10. HP: 53/83 MP: 14/14
  9779 | D:8      | Found a glowing golden altar of the Shining One.
  9790 | D:8      | Noticed Maurice
  9817 | D:8      | Killed Maurice
 10123 | D:9      | Found an ancient bone altar of Kikubaaqudgha.
 10407 | D:9      | Noticed Psyche
 10423 | D:9      | Killed Psyche
 10423 | D:9      | Reached skill level 1 in Shields
 10848 | D:9      | Found a viscous altar of Jiyva.
 11047 | D:9      | Found a hide-covered altar of Uskayaw.
 11067 | D:10     | Entered Level 10 of the Dungeon
 11122 | D:10     | Reached skill level 8 in Axes
 11275 | D:10     | Found a staircase to the Orcish Mines.
 11396 | D:10     | Gained mutation: Your flesh is cold resistant. (rC+) [potion of mutation]
 11396 | D:10     | Gained mutation: You can translocate small distances at will. [potion of mutation]
 11396 | D:10     | Gained mutation: You are partially covered in yellow scales. (AC +2) [potion of mutation]
 11396 | D:10     | Gained mutation: You are resistant to hostile enchantments. (MR+) [potion of mutation]
 12243 | D:10     | Found a hazy altar of Hepliaklqana.
 13503 | D:11     | Noticed a gargoyle
 13507 | D:11     | Noticed Fannar
 13826 | D:10     | Killed Fannar
 13826 | D:10     | Reached XP level 11. HP: 33/91 MP: 16/16
 14075 | D:11     | Reached skill level 9 in Axes
 14510 | D:11     | Found a shattered altar of Ashenzari.
 14564 | D:11     | Found Feli's Armour Emporium.
 14625 | D:11     | Noticed a death yak
 14626 | D:11     | Found a staircase to the Lair.
 14626 | D:11     | Noticed a death yak
 14629 | D:11     | Noticed a death yak
 14646 | D:11     | Banished a death yak
 14661 | D:11     | Banished a death yak
 15932 | D:13     | Noticed a centaur warrior
 16102 | D:12     | Noticed Thargor's ghost (journeyman DDFi)
 16104 | D:12     | Banished Thargor's ghost
 16139 | D:12     | Slain by an orc warrior

Skill      XL: |  1  2  3  4  5  6  7  8  9 10 11 |
---------------+----------------------------------+-----
Dodging        | 1 2 |  2.4
Axes           | 2 3 4 5 6 7 8 9 |  9.1
Armour         | 2 3 4 5 7 8 |  8.4
Invocations    | 3 4 5 6 7 8 |  8.8
Fighting       | 4 5 6 |  6.9
Shields        | 2 |  2.6

Action                   |  1- 3 |  4- 6 |  7- 9 | 10-12 || total
-------------------------+-------+-------+-------+-------++-------
Melee: Hand axe          |   140 |   184 |   503 |   785 ||  1612
       Kick              |    17 |    38 |   115 |   162 ||   332
Throw: Tomahawk          |       |       |       |     5 ||     5
Invok: Depart the Abyss  |     1 |       |       |       ||     1
       Bend Space        |       |     1 |     2 |     1 ||     4
       Banish            |       |       |     1 |    22 ||    23
  Use: Scroll            |     4 |     6 |     5 |     1 ||    16
       Potion            |       |     1 |     2 |    21 ||    24
 Stab: Invisible         |       |       |       |    14 ||    14
  Eat: Chunk             |     2 |     2 |     9 |    10 ||    23
       Ration            |       |     1 |     2 |     5 ||     8
Armor: Chain mail        |   146 |   190 |   422 |   590 ||  1348
       Leather armour    |     5 |       |       |       ||     5
       Skin              |       |       |       |    74 ||    74
Dodge: Dodged            |    46 |    43 |   126 |   103 ||   318
Block: Shield            |       |       |    24 |   309 ||   333
